ABL
NORTH MELBOURNE KANGAROOS @ ST. GEORGE DRAGONS
07/03/2022
 
TOP OF THE 1ST
North Melbourne Kangaroos batting - Pitching for St. George Dragons : RHP John Brennan
Pitching: RHP John Brennan
Batting: RHB Gareth Dunn 0-0: Ball
1-0: Swinging Strike
1-1: Foul Ball, location: 3SF
1-2: Strikes out swinging, 2-3 out at first.
Batting: RHB Alan Morgan 0-0: Fly out, F8 (Flyball, 78D, EV 88.1 MPH)
Batting: LHB Harry Message 0-0: Called Strike
0-1: Swinging Strike
0-2: Ball
1-2: SOLO HOME RUN (Flyball, 7LD, EV 95.6 MPH), Distance : 365 ft
Batting: RHB Gavan Metherall 0-0: Called Strike
0-1: Ground out U3 (Groundball, 34S, EV 81.9 MPH)
Top of the 1st over - 1 run, 1 hit, 0 errors, 0 left on base; North Melbourne 1 - St. George 0
BOTTOM OF THE 1ST
St. George Dragons batting - Pitching for North Melbourne Kangaroos : LHP Hans Kalman
Pitching: LHP Hans Kalman
Batting: RHB Frank Scott 0-0: Called Strike
0-1: Ball
1-1: SINGLE (Line Drive, 6D, EV 109.4 MPH)
Batting: RHB Jason Pearce 0-0: Called Strike
Frank Scott steals 2nd base (no throw)
0-1: Ground out 5-3 (Groundball, 56, EV 90.6 MPH)
Batting: SHB Darren Sabin 0-0: Called Strike
0-1: Ball
1-1: Swinging Strike
1-2: SINGLE (Line Drive, 4MD, EV 108.8 MPH)
Frank Scott to third
Runner from 3rd tries for Home, SAFE, throw by CF to home
Batting: RHB Ray Emelio 0-0: Ball
1-0: Called Strike
1-1: Ball
2-1: SINGLE (Line Drive, 4MD, EV 103.1 MPH)
Darren Sabin to second
Batting: RHB Darron Matts 0-0: Foul Ball, location: 9LDF
0-1: Ball
1-1: Ball
2-1: Ground out 5-3 (Groundball, 56, EV 95.6 MPH)
Darren Sabin to third
Ray Emelio to second
Batting: LHB Ben Etheridge 0-0: Ball
1-0: Ball
2-0: Swinging Strike
2-1: Swinging Strike
2-2: Strikes out swinging
Bottom of the 1st over - 1 run, 3 hits, 0 errors, 2 left on base; North Melbourne 1 - St. George 1
TOP OF THE 2ND
North Melbourne Kangaroos batting - Pitching for St. George Dragons : RHP John Brennan
Batting: LHB Ron Brumby 0-0: Called Strike
0-1: Ball
1-1: Fly out, F8 (Flyball, 8LS, EV 85.6 MPH)
Batting: RHB Brenden Gulledge 0-0: Called Strike
0-1: Foul Ball, location: 23FF
0-2: Ground out 6-3 (Groundball, 6, EV 90.0 MPH)
Batting: LHB Mat Stringfellow 0-0: Ground out 4-3 (Groundball, 4, EV 85.6 MPH)
Top of the 2nd over - 0 runs, 0 hits, 0 errors, 0 left on base; North Melbourne 1 - St. George 1
BOTTOM OF THE 2ND
St. George Dragons batting - Pitching for North Melbourne Kangaroos : LHP Hans Kalman
Batting: LHB Lenny Pullen 0-0: Called Strike
0-1: Ground out 4-3 (Groundball, 34D, EV 96.9 MPH)
Batting: LHB John Brennan 0-0: Ground out 6-3 (Groundball, 6, EV 100.0 MPH)
Batting: RHB Bill Orson 0-0: Ball
1-0: Called Strike
1-1: Ball
2-1: Foul Ball, location: 2F
2-2: Ball
3-2: Foul Ball, location: 5F
3-2: Strikes out swinging
Bottom of the 2nd over - 0 runs, 0 hits, 0 errors, 0 left on base; North Melbourne 1 - St. George 1
TOP OF THE 3RD
North Melbourne Kangaroos batting - Pitching for St. George Dragons : RHP John Brennan
Batting: RHB Kole Torin 0-0: Ball
1-0: Foul Ball, location: 2F
1-1: Foul Ball, location: 9LDF
1-2: Ground out 5-3 (Groundball, 56, EV 111.3 MPH)
Batting: LHB Hans Kalman 0-0: Called Strike
0-1: Ball
1-1: Ball
2-1: Foul Ball, location: 9LSF
2-2: Ground out 4-3 (Groundball, 34D, EV 101.9 MPH)
Batting: RHB Gareth Dunn 0-0: Ball
1-0: Called Strike
1-1: Foul Ball, location: 25F
1-2: Strikes out swinging
Top of the 3rd over - 0 runs, 0 hits, 0 errors, 0 left on base; North Melbourne 1 - St. George 1
BOTTOM OF THE 3RD
St. George Dragons batting - Pitching for North Melbourne Kangaroos : LHP Hans Kalman
Batting: RHB Frank Scott 0-0: Called Strike
0-1: Swinging Strike
0-2: Ball
1-2: DOUBLE (Flyball, 9LM, EV 105.0 MPH)
Batting: RHB Jason Pearce 0-0: Called Strike
0-1: DOUBLE (Line Drive, 89M, EV 106.3 MPH)
Frank Scott scores
Batting: SHB Darren Sabin 0-0: Ball
1-0: Foul Ball, location: 5F
1-1: Called Strike
1-2: Ball
2-2: Foul Ball, location: 2F
2-2: Foul Ball, location: 23F
2-2: Ball
3-2: SINGLE (Line Drive, 34, EV 106.9 MPH)
Jason Pearce to third
Batting: RHB Ray Emelio 0-0: Called Strike
0-1: Called Strike
0-2: Fielders Choice at 2nd, 3-6 (Groundball, 3S, EV 86.9 MPH)
Jason Pearce scores
Batting: RHB Darron Matts 0-0: Ball
1-0: Foul Ball, location: 3SF
1-1: Fly out, F8 (Flyball, 8RD, EV 87.5 MPH)
Batting: LHB Ben Etheridge 0-0: Foul Ball, location: 2F
0-1: Ball
1-1: Ground out U3 (Groundball, 3, EV 85.0 MPH)
Bottom of the 3rd over - 2 runs, 3 hits, 0 errors, 1 left on base; North Melbourne 1 - St. George 3
TOP OF THE 4TH
North Melbourne Kangaroos batting - Pitching for St. George Dragons : RHP John Brennan
Batting: RHB Alan Morgan 0-0: Ball
1-0: Called Strike
1-1: Ball
2-1: Ball
3-1: Foul Ball, location: 2F
3-2: Foul Ball, location: 2RF
3-2: Fly out, F9 (Flyball, 89D, EV 108.1 MPH)
Batting: LHB Harry Message 0-0: Ball
1-0: Ball
2-0: Called Strike
2-1: Foul Ball, location: 2F
2-2: Fly out, F7 (Flyball, 78D, EV 87.5 MPH)
Batting: RHB Gavan Metherall 0-0: Swinging Strike
0-1: Ball
1-1: Ball
2-1: Foul Ball, location: 25FF
2-2: Strikes out swinging
Top of the 4th over - 0 runs, 0 hits, 0 errors, 0 left on base; North Melbourne 1 - St. George 3
BOTTOM OF THE 4TH
St. George Dragons batting - Pitching for North Melbourne Kangaroos : LHP Hans Kalman
Batting: LHB Lenny Pullen 0-0: Ground out 4-3 (Groundball, 4S, EV 65.0 MPH)
Batting: LHB John Brennan 0-0: Called Strike
0-1: Swinging Strike
0-2: Strikes out swinging
Batting: RHB Bill Orson 0-0: Ball
1-0: Foul Ball, location: 5FF
1-1: Foul Ball, location: 9LSF
1-2: Ball
2-2: Foul Ball, location: 9LSF
2-2: Ball
3-2: Foul Ball, location: 7LSF
3-2: Ground out 4-3 (Groundball, 4, EV 88.8 MPH)
Bottom of the 4th over - 0 runs, 0 hits, 0 errors, 0 left on base; North Melbourne 1 - St. George 3
TOP OF THE 5TH
North Melbourne Kangaroos batting - Pitching for St. George Dragons : RHP John Brennan
Batting: LHB Ron Brumby 0-0: Called Strike
0-1: Ball
1-1: Called Strike
1-2: Ball
2-2: Ball
3-2: Fly out, F9 (Flyball, 9, EV 84.4 MPH)
Batting: RHB Brenden Gulledge 0-0: Ball
1-0: Swinging Strike
1-1: Swinging Strike
1-2: SINGLE (Groundball, 4MD, EV 85.0 MPH) (infield hit)
Batting: LHB Mat Stringfellow 0-0: Called Strike
0-1: Fielders Choice at 2nd, 4-6 (Groundball, 4, EV 85.6 MPH)
Batting: RHB Kole Torin 0-0: Called Strike
0-1: Ball
1-1: Swinging Strike
1-2: Ball
2-2: Ball
3-2: Base on Balls
Mat Stringfellow to second
Batting: LHB Hans Kalman 0-0: Called Strike
0-1: Ball
1-1: Ball
2-1: Fly out, F5 (Popup, 56S, EV 85.6 MPH)
Top of the 5th over - 0 runs, 1 hit, 0 errors, 2 left on base; North Melbourne 1 - St. George 3
BOTTOM OF THE 5TH
St. George Dragons batting - Pitching for North Melbourne Kangaroos : LHP Hans Kalman
Batting: RHB Frank Scott 0-0: Foul Ball, location: 9LMF
0-1: Called Strike
0-2: Ball
1-2: Foul Ball, location: 2F
1-2: Foul Ball, location: 5DF
1-2: Ground out 4-3 (Groundball, 34D, EV 100.6 MPH)
Batting: RHB Jason Pearce 0-0: Fly out, F7 (Flyball, 7LS, EV 88.1 MPH)
Batting: SHB Darren Sabin 0-0: Fly out, F8 (Flyball, 89XD, EV 96.3 MPH)
Bottom of the 5th over - 0 runs, 0 hits, 0 errors, 0 left on base; North Melbourne 1 - St. George 3
TOP OF THE 6TH
North Melbourne Kangaroos batting - Pitching for St. George Dragons : RHP John Brennan
Batting: RHB Gareth Dunn 0-0: Ball
1-0: Called Strike
1-1: Foul Ball, location: 9LSF
1-2: Ball
2-2: Foul Ball, location: 9LMF
2-2: Ball
3-2: Reached on error, E6 (Groundball, 6, EV 106.3 MPH)
Batting: RHB Alan Morgan 0-0: Bunted foul
0-1: Bunt missed!
0-2: Strikes out swinging
Batting: LHB Harry Message 0-0: Ball
Gareth Dunn steals 2nd base
1-0: Fielders Choice at 3rd, 6-5 (Groundball, 56, EV 92.5 MPH)
Batting: RHB Gavan Metherall 0-0: Ball
1-0: Ball
2-0: Called Strike
2-1: Ground out 4-3 (Groundball, 34, EV 78.1 MPH)
Top of the 6th over - 0 runs, 0 hits, 1 error, 1 left on base; North Melbourne 1 - St. George 3
BOTTOM OF THE 6TH
St. George Dragons batting - Pitching for North Melbourne Kangaroos : LHP Hans Kalman
Batting: RHB Ray Emelio 0-0: Ball
1-0: Fly out, F9 (Flyball, 9, EV 95.6 MPH)
Batting: RHB Darron Matts 0-0: Ball
1-0: Swinging Strike
1-1: Ball
2-1: DOUBLE (Line Drive, 7LM, EV 110.6 MPH)
Batting: LHB Ben Etheridge 0-0: Ball
1-0: Called Strike
1-1: Foul Ball, location: 2F
1-2: Ball
2-2: Ground out 4-3 (Groundball, 4, EV 105.0 MPH)
Darron Matts to third
Batting: LHB Lenny Pullen 0-0: SINGLE (Line Drive, 9LS, EV 105.6 MPH)
Darron Matts scores
Batting: LHB John Brennan 0-0: Ball
1-0: Called Strike
1-1: Fly out, F4 (Flyball, 4MD, EV 88.1 MPH)
Bottom of the 6th over - 1 run, 2 hits, 0 errors, 1 left on base; North Melbourne 1 - St. George 4
TOP OF THE 7TH
North Melbourne Kangaroos batting - Pitching for St. George Dragons : RHP John Brennan
Batting: LHB Ron Brumby 0-0: Foul Ball, location: 3SF
0-1: Ball
1-1: Swinging Strike
1-2: Ball
2-2: Strikes out swinging
Batting: RHB Brenden Gulledge 0-0: Ball
1-0: Foul Ball, location: 2RF
1-1: Called Strike
1-2: Foul Ball, location: 9LMFF
1-2: Strikes out looking
Batting: LHB Mat Stringfellow 0-0: Fly out, F5 (Popup, 5SF, EV 86.3 MPH)
Top of the 7th over - 0 runs, 0 hits, 0 errors, 0 left on base; North Melbourne 1 - St. George 4
BOTTOM OF THE 7TH
St. George Dragons batting - Pitching for North Melbourne Kangaroos : LHP Hans Kalman
Batting: RHB Bill Orson 0-0: Ball
1-0: Ball
2-0: Ground out 6-3 (Groundball, 6, EV 83.8 MPH)
Batting: RHB Frank Scott 0-0: Ball
1-0: Ball
2-0: Called Strike
2-1: Ball
3-1: Foul Ball, location: 2F
3-2: Ground out 6-3 (Groundball, 6, EV 89.4 MPH)
Batting: RHB Jason Pearce 0-0: Called Strike
0-1: Foul Ball, location: 5DF
0-2: Strikes out looking
Bottom of the 7th over - 0 runs, 0 hits, 0 errors, 0 left on base; North Melbourne 1 - St. George 4
TOP OF THE 8TH
North Melbourne Kangaroos batting - Pitching for St. George Dragons : RHP John Brennan
Batting: RHB Kole Torin 0-0: Ball
1-0: Foul Ball, location: 25FF
1-1: Called Strike
1-2: Foul Ball, location: 2LF
1-2: Ground out 6-3 (Groundball, 6, EV 104.4 MPH)
Pinch Hitting: RHB Freddy Dancer 0-0: Fly out, F8 (Flyball, 78M, EV 86.9 MPH)
Batting: RHB Gareth Dunn 0-0: Ball
1-0: Called Strike
1-1: Ball
2-1: Fly out, F8 (Line Drive, 8RD, EV 87.5 MPH)
Top of the 8th over - 0 runs, 0 hits, 0 errors, 0 left on base; North Melbourne 1 - St. George 4
BOTTOM OF THE 8TH
St. George Dragons batting - Pitching for North Melbourne Kangaroos : LHP Hans Kalman
Pitching: RHP Paul Burrell
Batting: SHB Darren Sabin 0-0: Ball
1-0: Called Strike
1-1: DOUBLE (Flyball, 89D, EV 91.3 MPH)
Batting: RHB Ray Emelio 0-0: Ball
1-0: Foul Ball, location: 2F
1-1: Swinging Strike
1-2: Fly out, F8 (Line Drive, 89D, EV 99.4 MPH)
Runner from 2nd tags up, SAFE at 3rd, no throw by CF
Batting: RHB Darron Matts 0-0: Ball
1-0: Called Strike
1-1: Ball
2-1: Ball
3-1: Foul Ball, location: 25F
3-2: Foul Ball, location: 2F
3-2: Foul Ball, location: 9LSF
3-2: Base on Balls
Batting: LHB Ben Etheridge 0-0: Ball
Darron Matts is caught stealing 2nd base 2-6
1-0: Ball
2-0: Called Strike
2-1: Ball
3-1: Foul Ball, location: 9LSFF
3-2: Base on Balls
Batting: LHB Lenny Pullen 0-0: Swinging Strike
0-1: Called Strike
0-2: Ball
1-2: Foul Ball, location: 7LSF
1-2: Ball
2-2: Ball
3-2: SINGLE (Groundball, 6MD, EV 101.9 MPH) (infield hit)
Darren Sabin scores
Ben Etheridge to second
Pinch Hitting: LHB Redford Crosse 0-0: Fly out, F8 (Flyball, 8LXD, EV 78.8 MPH)
Bottom of the 8th over - 1 run, 2 hits, 0 errors, 2 left on base; North Melbourne 1 - St. George 5
TOP OF THE 9TH
North Melbourne Kangaroos batting - Pitching for St. George Dragons : RHP John Brennan
Pitching: RHP Marcus Leuthold
Batting: RHB Alan Morgan 0-0: Called Strike
0-1: Ground out 4-3 (Groundball, 4, EV 101.9 MPH)
Batting: LHB Harry Message 0-0: Swinging Strike
0-1: Called Strike
0-2: Strikes out swinging
Batting: RHB Gavan Metherall 0-0: Called Strike
0-1: Ball
1-1: Foul Ball, location: 2F
1-2: Strikes out swinging
Top of the 9th over - 0 runs, 0 hits, 0 errors, 0 left on base; North Melbourne 1 - St. George 5
Thursday, May 2nd , 2024 - OOTP Baseball 24.9 Build 80